 Dungeon Crawl Stone Soup version 0.27.1-1-g398f81649c (webtiles) character file.

Game seed: 17994216916174221118

398 obito the Chopper (level 6, -15/55 HPs)
             Began as a Hill Orc Fighter on Sept 13, 2021.
             Demolished by an ogre (28 damage)
             ... on level 3 of the Dungeon.
             The game lasted 00:21:52 (4163 turns).

obito the Chopper (Hill Orc Fighter)                Turns: 4163, Time: 00:21:53

Health: -15/55     AC:  7    Str: 26    XL:     6   Next: 83%
Magic:  2/2        EV:  9    Int:  8    God:
Gold:   173        SH: 10    Dex: 11    Spells: 5/5 levels left

rFire    + + .     SeeInvis .   l - +3 war axe (antimagic)
rCold    x . .     Faith    .   c - +0 kite shield
rNeg     . . .     Spirit   .   p - +1 ring mail {rF+}
rPois    .         Reflect  .   (no helmet)
rElec    .         Harm     .   (no cloak)
rCorr    .         Rampage  .   (no gloves)
Will     .....                  (no boots)
Stlth    +.........             (no amulet)
HPRegen  0.18/turn              f - +6 ring of strength
MPRegen  0.08/turn              g - ring of fire

@: no status effects
A: no striking features
a: no special abilities


You were on level 3 of the Dungeon.
You visited 1 branch of the dungeon, and saw 4 of its levels.

You collected 173 gold pieces.

Inventory:

Hand Weapons
 a - a +0 war axe
 l - a +3 antimagic war axe (weapon)
 q - a +3 dagger
Missiles
 i - 6 javelins (quivered)
 s - 19 bolts
Armour
 b - a +0 scale mail
 c - a +0 kite shield (worn)
 p - a +1 ring mail of fire resistance (worn)
Jewellery
 f - a +6 ring of strength (left hand)
 g - a ring of fire (right hand)
Wands
 r - a wand of flame (22)
Scrolls
 m - a scroll of identify
 o - a scroll of amnesia
Potions
 d - a potion of might
 e - a potion of lignification {unknown}


   Skills:
 + Level 4.9 Fighting
 + Level 5.6 Axes
 + Level 4.7 Armour
 + Level 1.3 Dodging
 + Level 0.2 Stealth
 + Level 4.6 Shields


You had 5 spell levels left.
You didn't know any spells.
Your spell library contained the following spells:

 Spells                   Type           Power      Damage    Failure   Level
 Ozocubu's Armour         Ice            0%         N/A       100%        3
 Ozocubu's Refrigeration  Ice            0%         4d5       100%        7


Dungeon Overview and Level Annotations

Branches:
Dungeon (4/15)
 Temple: D:4-7

Altars:
Sif Muna
Xom


Message History

You slash the howler monkey!
You kill the howler monkey!
You see here a ball python corpse.
A kobold comes into view. It is wielding a +0 short sword.
You see here a howler monkey corpse.
An ogre comes into view. It is wielding a +0 giant spiked club.
The ogre shouts!
You block the kobold's attack.
A phantom comes into view.
You barely miss the kobold. You block the kobold's attack.
The kobold hits you but does no damage.
A ball python comes into view.
You slash the kobold!
You kill the kobold!
You closely miss the ogre. You block the ogre's attack.
You hit the ogre.
The ogre is lightly wounded.
The ogre hits you with a +0 giant spiked club!!
You see here a howler monkey corpse.
You block the ogre's attack.
You see here a ball python corpse.
Things that are here:
a +0 dagger; a +0 leather armour You block the ogre's attack.
You hit the ogre.
The ogre is lightly wounded.
The ogre hits you with a +0 giant spiked club!!
* * * LOW HITPOINT WARNING * * *
The ogre barely misses you. You block the ogre's attack.
You see here a +0 club.
Items here: ) [ ÷÷.
The kobold throws a stone.
You block the stone.
There is a stone staircase leading up here.
The ogre barely misses you.
You climb upwards.
There is a stone staircase leading down here.
The ogre hits you with a +0 giant spiked club!!
Ouch! That really hurt!
You die...

#.).........# #.##........###.#.
#.......÷...###. #......(.....÷..
#............... #...........#.#.
#..........###.. #...............
#..........# # #...........#.#.
##.........#######.##.....#......
#..>...........##(.#..#[#....#.#.
#..........###.#..#..##.##.......
#...........#...@##<#.>..#..##.#.
#.............#..OZ.........#.##.
#..........#..##..###'''###...##.
#.........##.....##.......##..###
..#....^........##.........#..[..
.####.#......#..#..........##.###
.# #.#........##....####...#..##
.####.<.....##.#...###..##..##...
#........####..#..##.....##..#..#


You could see an ogre and a scorpion simulacrum.

Vanquished Creatures
  A black bear (D:4)
  A howler monkey (D:4)
  The ghost of bnorton916 the Conjurer, a weakling DECj (D:3)
  A jelly (D:4)
  Natasha (twice) (D:2)
  A scorpion simulacrum (D:3)
  4 adders
  A hound simulacrum (D:3)
  3 dart slugs
  A worm (D:3)
  2 adder simulacra (D:3)
  3 orcs
  12 endoplasms
  2 giant cockroaches (D:2)
  9 hobgoblins
  6 jackals
  13 kobolds
  3 quokkas
  5 ball pythons
  3 bats (D:2)
  3 frilled lizards
  5 goblins
  6 rats
88 creatures vanquished.

Vanquished Creatures (others)
  4 plants (D:1)
4 creatures vanquished.

Grand Total: 92 creatures vanquished

Notes
Turn   | Place    | Note
-------+----------+-------------------------------------------
     0 | D:1      | obito the Hill Orc Fighter began the quest for the Orb.
     0 | D:1      | Reached XP level 1. HP: 19/19 MP: 1/1
   267 | D:1      | Reached XP level 2. HP: 27/27 MP: 2/2
   544 | D:1      | Reached XP level 3. HP: 33/33 MP: 3/3
   739 | D:1      | Found a faded altar of an unknown god.
  1261 | D:2      | Reached skill level 3 in Axes
  1646 | D:2      | Reached XP level 4. HP: 38/40 MP: 4/4
  1856 | D:2      | Found a shimmering altar of Xom.
  1902 | D:2      | Noticed Natasha
  1907 | D:2      | Killed Natasha
  2031 | D:2      | Noticed Natasha
  2051 | D:2      | Killed Natasha
  2052 | D:2      | Reached XP level 5. HP: 34/47 MP: 1/5
  2156 | D:3      | Found a runed translucent gate.
  2156 | D:3      | Found a runed translucent gate.
  2156 | D:3      | Found a runed translucent gate.
  2209 | D:3      | Reached skill level 4 in Axes
  3002 | D:3      | Noticed bnorton916's ghost (weakling DECj)
  3596 | D:3      | Killed bnorton916's ghost
  3762 | D:4      | Found a shimmering blue altar of Sif Muna.
  3766 | D:4      | Reached XP level 6. HP: 53/53 MP: 2/6
  3795 | D:4      | Noticed a black bear
  3825 | D:4      | Killed a black bear
  3826 | D:4      | Reached skill level 5 in Axes
  3826 | D:4      | Reached skill level 1 in Dodging
  4163 | D:3      | Demolished by an ogre

Illustrated notes

Levels and vault maps discovered:
D:1:      dpeg_arrival_rooms_a, layout_basic,
          dilly_ecumenical_altar_fadedgnrine, grunt_decor_fettered,
          hangedman_decor_points, minmay_misc_feat_nine_boxes
D:2:      layout_loops_ring, basic_altar, uniq_crazy_yiuf_cottage, uniq_natasha
D:3:      layout_rooms, gammafunk_ghost_icy, st_stairs_11,
          minmay_randomly_rotated_circles
D:4:      cheibrodos_helix_gallery, layout_loops_ring,
          makhleb_blood_cavern_becter, amcnicky_altar_gilded,
          minmay_temple_entry_glass, dk_noncrumbling_2, nzn_random_ring,
          uniq_edmund

Skill      XL: |  1  2  3  4  5  6 |
---------------+-------------------+-----
Fighting       | 4 |  4.9
Axes           | 3 4 5 |  5.6
Armour         | 4 |  4.7
Shields        | 4 |  4.6
Dodging        | 1 |  1.3
Stealth        | |  0.2

Action                   |  1- 3 |  4- 6 || total
-------------------------+-------+-------++-------
Melee: War axe           |   114 |   123 ||   237
  Use: Scroll            |       |     6 ||     6
       Potion            |       |     2 ||     2
Armor: Scale mail        |    74 |    26 ||   100
       Ring mail         |       |    31 ||    31
Dodge: Dodged            |    33 |    48 ||    81
Block: Kite shield       |    73 |    83 ||   156
